 Dungeon Crawl Stone Soup version 0.15.0-25-gd84c1e8 (webtiles) character file.

577 MackTheKnife the Basher (level 6, -4/47 HPs)
             Began as a Demigod Wanderer on Sept 10, 2014.
             Slain by a troll zombie (7 damage)
             ... on Level 5 of the Dungeon.
             The game lasted 00:08:02 (5031 turns).

MackTheKnife the Basher (Demigod Wanderer)          Turns: 5031, Time: 00:08:02

HP  -4/47        AC 10     Str 17      XL: 6   Next: 88%
MP  10/10        EV  6     Int 15      God:
Gold 103         SH  9     Dex 19      Spells:  0 memorised,  5 levels left

rFire  . . .     SeeInvis .     u - +3 mace
rCold  . . .     Clarity  +     l - +0 scale mail
rNeg   . . .     rCorr    .     v - +0 shield
rPois  .         rRot     .     k - +0 helmet
rElec  .         Spirit   .     (no cloak)
SustAb .         Warding  .     D - +0 pair of gloves
rMut   .         Stasis   .     h - +1 pair of boots
Gourm  .                        s - amulet of clarity
MR     .....                    (no ring)
                                (no ring)

@: not resistant to hostile enchantments, extremely unstealthy
A: no striking features
a: no special abilities


You were on level 5 of the Dungeon.
You were not hungry.

You visited 1 branch of the dungeon, and saw 5 of its levels.

You collected 103 gold pieces.


   Skills:
 - Level 1.0 Fighting
 - Level 8.0 Maces & Flails
 - Level 1.0 Throwing
 - Level 1.7 Armour
 + Level 2.6 Shields


You had 5 spell levels left.
You didn't know any spells.

Inventory:

Hand weapons
 u - a +3 mace (weapon)
Armour
 h - a +1 pair of boots (worn)
 k - a +0 helmet (worn)
 l - a +0 scale mail (worn)
 v - a +0 shield (worn)
 D - a +0 pair of gloves (worn)
Magical devices
 q - a wand of flame (5)
 y - a wand of draining (9)
 B - a wand of digging (10)
Comestibles
 a - a meat ration
 f - a bread ration
 g - 2 beef jerkies
Scrolls
 i - 4 scrolls of identify
 j - 2 scrolls of fear
 n - 4 scrolls of remove curse
Jewellery
 d - an uncursed ring of flight
 s - an amulet of clarity (around neck)
Potions
 b - 4 potions of lignification {!q}
 c - 3 potions of curing
 e - 2 potions of haste {unknown}
 o - 3 potions of flight
 p - a potion of mutation {unknown}
 w - a potion of poison {unknown}
 z - a potion of restore abilities {unknown}
 A - a potion of might {unknown}
 C - 2 potions of cure mutation {unknown}

◦◦◦◦◦◦◦◦░◦░░░◦░▒▒░
▒·▒▒▒▒▒▒▒▒▒▒·
░░░░░░◦◦░◦░ ░◦░▒·▒░
▒·▒ ▒▒▒▒▒▒▒▒▒
░◦◦░◦▒▒▒◦░◦▒·▒░▒·▒
▒········
░◦◦◦·····◦░░▒·▒▒·▒
▒·▒▒▒▒▒▒▒ ░░◦░◦◦···▒░
▒▒···▒ ▒·▒
░◦░◦◦░░··▒▒▒·▒▒▒▒ ▒·▒
░◦░◦◦░░◦▒·▒·▒▒ ▒·▒
░◦░◦◦░░◦░▒·▒▒ ▒·▒
░◦░◦◦░░◦░▒p▒ ▒·▒
░◦░◦◦░░◦░▒Z▒ ▒·▒
░◦◦◦◦░░◦░▒·▒░░░░░░▒·▒
░◦◦░◦░░◦░▒··◦◦◦◦◦◦◦◦░
░░◦◦◦░░◦░▒▒▒░░░░░░░░░
░░░░░░░░░◦░░░◦░
▒····◦◦◦◦◦◦◦◦◦░
··▒░░░░░░◦░░░░░
··▒░░░░░░◦░


You could see a troll zombie.


Message History

You block the troll zombie's attack. The troll zombie claws you.
You hit the troll zombie. The troll zombie bites you.
The troll zombie barely misses you. You block the troll zombie's attack.
You hit the troll zombie. You block the troll zombie's attack.
You block the troll zombie's attack. The troll zombie claws you.
You hit the troll zombie.
The troll zombie bites you but does no damage.
You block the troll zombie's attack. x2
You hit the troll zombie but do no damage.
The troll zombie bites you but does no damage.
The troll zombie completely misses you.
The troll zombie claws you but does no damage.
You barely miss the troll zombie.
Your shield prevents you from hitting the troll zombie.
The troll zombie bites you.
The troll zombie claws you but does no damage.
The troll zombie claws you.
You sock the troll zombie! The troll zombie bites you!
You block the troll zombie's attack. The troll zombie barely misses you.
A hobgoblin comes into view. It is wielding a falchion.
Your scale mail prevents you from hitting the troll zombie.
The hobgoblin moves out of view.
The troll zombie bites you.
* * * LOW HITPOINT WARNING * * *
The troll zombie claws you but does no damage.
The troll zombie claws you.
* * * LOW HITPOINT WARNING * * *
You sock the troll zombie! The troll zombie bites you!
* * * LOW HITPOINT WARNING * * *
The troll zombie claws you!
You die...

Action                   |  1- 3 |  4- 6 || total
-------------------------+-------+-------++-------
Melee: Mace              |   116 |   307 ||   423
Evoke: Wand              |       |     2 ||     2
  Use: Scroll            |       |     8 ||     8
 Stab: Sleeping          |     1 |       ||     1
  Eat: Chunk             |     2 |     7 ||     9
       Bread ration      |       |     1 ||     1

Vault maps used:
D:1:      dpeg_arrival_leaves_temple_mockup, lemuel_flame_loot_1
D:2:      minmay_door_path, lemuel_crystal_altar, uniq_jessica, uniq_terence
D:3:      lemuel_round_altar, led_xom_imps
D:4:      lemuel_round_altar
D:5:      serial_shops, shop, first_bread, kennysheep_generic_room_14,
          uniq_pikel

Notes
Turn   | Place    | Note
--------------------------------------------------------------
     0 | D:1      | MackTheKnife, the Demigod Wanderer, began the quest for the Orb.
     0 | D:1      | Reached XP level 1. HP: 16/16 MP: 2/2
   388 | D:1      | Reached XP level 2. HP: 18/23 MP: 3/3
   474 | D:1      | Reached skill level 5 in Maces & Flails
   973 | D:1      | Reached XP level 3. HP: 28/28 MP: 5/5
  1230 | D:2      | Noticed Jessica
  1246 | D:2      | Killed Jessica
  1395 | D:2      | Found a shattered altar of Ashenzari.
  1793 | D:2      | Noticed Terence
  1804 | D:2      | Killed Terence
  1804 | D:2      | Reached skill level 6 in Maces & Flails
  1804 | D:2      | Reached XP level 4. HP: 11/35 MP: 7/7
  2443 | D:3      | Found a shimmering altar of Xom.
  2648 | D:3      | Reached XP level 5. HP: 21/40 MP: 8/8
  3019 | D:3      | Reached skill level 7 in Maces & Flails
  3224 | D:3      | Reached XP level 6. HP: 31/47 MP: 10/10
  3476 | D:3      | Found a blossoming altar of Fedhas.
  3653 | D:3      | Reached skill level 8 in Maces & Flails
  3843 | D:4      | Found a stormy altar of Qazlal.
  4304 | D:4      | Reached skill level 2 in Shields
  4886 | D:5      | Entered Level 5 of the Dungeon
  4992 | D:5      | Found Doamno's Antique Armour Emporium.
  5031 | D:5      | HP: 3/47 [troll zombie (12)]
  5031 | D:5      | Slain by a troll zombie

Vanquished Creatures
  3 wights (D:3)
  4 crimson imps
  An orc wizard (D:3)
  3 worker ants (D:4)
  Jessica (D:2)
  Terence (D:2)
  8 adders
  A giant mite (D:5)
  A worm (D:2)
  3 giant geckos
  An ooze (D:1)
  3 orcs
  9 bats
  A giant cockroach (D:3)
  8 hobgoblins
  5 jackals
  11 kobolds
  6 giant newts
  12 goblins
  A quokka (D:2)
  16 rats
99 creatures vanquished.
